 Dungeon Crawl Stone Soup version 0.27.0-1-g7a089689b8 (webtiles) character file.

Game seed: 4235831213659669586

1 quinnr the Magician (level 1, 0/11 HPs)
             Began as an Octopode Hedge Wizard on Aug 8, 2021.
             Slain by a ball python (1 damage)
             ... on level 1 of the Dungeon.
             The game lasted 00:00:54 (57 turns).

quinnr the Magician (Octopode Hedge Wizard)           Turns: 57, Time: 00:00:55

Health: 0/11       AC:  1    Str:  9    XL:     1   Next: 20%
Magic:  1/4        EV: 10    Int: 16    God:
Gold:   0          SH:  0    Dex: 11    Spells: 5/6 levels left

rFire    . . .     SeeInvis .   a - +0 dagger
rCold    . . .     Faith    .   (no shield)
rNeg     . . .     Spirit   .   b - +0 hat
rPois    .         Reflect  .   (no amulet)
rElec    .         Harm     .   (no ring)
rCorr    .         Rampage  .   (no ring)
Will     .....                  (no ring)
Stlth    +++.......             (no ring)
HPRegen  0.03/turn              (no ring)
MPRegen  0.09/turn              (no ring)
                                (no ring)
                                (no ring)

@: constricted
A: almost no armour, amphibious, 8 rings, camouflage 1, gelatinous body 1,
(nimble swimmer 1), tentacles
a: no special abilities


You were on level 1 of the Dungeon.
You visited 1 branch of the dungeon, and saw 1 of its levels.

Inventory:

Hand Weapons
 a - a +0 dagger (weapon)
Armour
 b - a +0 hat (worn)


   Skills:
 - Level 2.0 Dodging
 + Level 2.8 Stealth
 - Level 3.0 Spellcasting
 + Level 1.1 Conjurations
 - Level 1.0 Summonings
 - Level 1.0 Translocations


You had 5 spell levels left.
You knew the following spells:

 Your Spells              Type           Power      Damage    Failure   Level
a - Magic Dart            Conj           20%        1d4       12%         1

Your spell library contained the following spells:

 Spells                   Type           Power      Damage    Failure   Level
 Blink                    Tloc           N/A        N/A       19%         2
 Call Imp                 Summ           5%         N/A       19%         2
 Slow                     Hex            2%         N/A       28%         2
 Conjure Flame            Conj/Fire      4%         6-21      41%         3
 Mephitic Cloud           Conj/Pois/Air  3%         N/A       43%         3


Dungeon Overview and Level Annotations

Branches:
Dungeon (1/15)

Altars:


Innate Abilities, Weirdness & Mutations

You cannot wear most types of armour.
You are amphibious.
You can wear up to eight rings at the same time.
Your skin changes colour to match your surroundings (Stealth+).
Your rubbery body absorbs attacks. (AC +1, EV +1)
((You are camouflaged near water. (Stealth+)))
You have tentacles for arms and can constrict up to eight enemies at once.


Message History

The ball python grabs you. The ball python constricts you.
You escape the ball python's grasp.
A rat comes into view.
The ball python barely misses you. The ball python grabs you.
The ball python constricts you.
You escape the ball python's grasp.
The ball python barely misses you. The ball python closely misses you.
You hit the ball python. Your grab misses the ball python.
The ball python is moderately wounded.
The ball python closely misses you. x2; The ball python barely misses you.
The ball python misses you.
You closely miss the ball python. Your grab misses the ball python.
The ball python is moderately wounded.
The ball python bites you. The ball python completely misses you.
The ball python closely misses you. The ball python grabs you.
* * * LOW HITPOINT WARNING * * *
The ball python constricts you. The ball python barely misses you.
Unknown command.
You escape the ball python's grasp.
The ball python closely misses you. x2
The ball python completely misses you. The ball python misses you.
The ball python barely misses you. The ball python grabs you.
* * * LOW HITPOINT WARNING * * *
The ball python constricts you.
You escape the ball python's grasp.
The ball python closely misses you. The ball python completely misses you.
The ball python closely misses you. The ball python grabs you.
* * * LOW HITPOINT WARNING * * *
The ball python constricts you. The ball python misses you.
You escape the ball python's grasp.
Casting: Magic Dart (safe; 12% risk of failure)
Confirm with . or Enter, or press ? or * to list all spells.
Okay, then.
You aren't carrying any scrolls.
You aren't carrying any potions.
Unknown command.
The ball python bites you but does no damage.
The ball python closely misses you. The ball python closely misses you.
The ball python grabs you.
You die...

#################
#≈≈≈§≈≈§≈≈§≈≈§≈≈#
#§≈§≈≈§....≈≈§§§#
#≈≈.§.§§≈≈....§≈#
#≈...≈≈≈.≈≈≈.§.≈###
#≈.S≈≈..<.≈≈≈.....#
#≈@S.≈≈≈.≈≈≈...≈#r.
#§≈....≈≈≈....≈≈#
#§≈§≈≈.....≈§≈§≈#
#≈≈§§§§§.≈≈§≈≈≈≈#
########§########
#.#..#..# #.#....##
#.#..### .##
###..S.#


You could see 2 ball pythons.

Vanquished Creatures
  A kobold (D:1)
1 creature vanquished.

Notes
Turn   | Place    | Note
-------+----------+-------------------------------------------
     0 | D:1      | quinnr the Octopode Hedge Wizard began the quest for the
                  | Orb.
     0 | D:1      | Reached XP level 1. HP: 11/11 MP: 4/4
    54 | D:1      | HP: 1/11 [ball python (1)]
    57 | D:1      | Slain by a ball python

Illustrated notes

Levels and vault maps discovered:
D:1:      dpeg_arrival_shrine, layout_loops_cross,
          hellmonk_ecumenical_altar_watching_god, minmay_misc_feat_enclosed,
          chequers_garden, minmay_door_square, supply_closet_lemuel,
          minmay_lizard_king

Action                   || total
-------------------------++-------
Melee: Dagger            ||     2
 Cast: Magic Dart        ||     5
Armor: Skin              ||     1
Dodge: Dodged            ||    28
